 Dungeon Sprint DCSS version 0.21-a0-91-ga5031da (webtiles) character file.

86 Kidiri the Sneak (level 4, -2/23 HPs)
             Began as a Spriggan Enchanter on June 30, 2017.
             Slain by a necrophage (6 damage)
             ... in the Dungeon (Sprint II: "The Violet Keep of Menkaure").
             The game lasted 00:00:34 (39 turns).

Kidiri the Sneak (Spriggan Enchanter)                 Turns: 39, Time: 00:00:36

Health: -2/23      AC:  2    Str:  4    XL:     4   Next: 27%
Magic:  8/12       EV: 21    Int: 16    God:
Gold:   0          SH:  0    Dex: 17    Spells: 12/13 levels left

rFire    . . .     SeeInvis +   a - +1 dagger
rCold    . . .     Gourm    .   (shield restricted)
rNeg     . . .     Faith    .   b - +0 robe
rPois    .         Spirit   .   (helmet restricted)
rElec    .         Reflect  .   (no cloak)
rCorr    .         Harm     .   (gloves unavailable)
MR       .....     NoTele   +   (boots unavailable)
Stlth    ++++......             (no amulet)
HPRegen  0.07/turn              (no ring)
MPRegen  0.13/turn              (no ring)

@: berserk cooldown, slowed, quick
A: unfitting armour, see invisible, herbivore 3, speed 3, slow metabolism 2
a: no special abilities


You were in the Dungeon.
You were not hungry.

You visited 1 branch

Inventory:

Hand Weapons
 a - a +1 dagger (weapon)
Armour
 b - a +0 robe (worn)
Scrolls
 j - a scroll of blinking
Potions
 e - a potion of curing
 g - a potion of haste
 h - 2 potions of magic
Books
 c - a book of Maledictions

   Spells                             Type                      Level
   a - Corona                         Hexes                        1
   b - Ensorcelled Hibernation        Hexes/Ice                    2
   c - Confuse                        Hexes                        3
   d - Tukima's Dance                 Hexes                        3
   e - Dazzling Spray                 Conjuration/Hexes            3
Comestibles
 d - a bread ration


   Skills:
 + Level 1.7 Fighting
 * Level 3.9 Short Blades
 + Level 1.5 Armour
 * Level 6.0 Dodging
 * Level 7.1 Stealth
 * Level 5.0 Spellcasting
 + Level 4.7 Hexes


You had 12 spell levels left.
You knew the following spells:

 Your Spells              Type           Power        Failure   Level  Hunger
a - Corona                Hex            ###....      2%          1    None


Dungeon Overview and Level Annotations

Branches:
Dungeon (1/1)

Altars:


Innate Abilities, Weirdness & Mutations

You are very small and have problems with some larger weapons.
You are too small for most types of armour.
You have supernaturally acute eyesight. (SInv)
You are a herbivore.
You cover ground extremely quickly.
You need consume almost no food.


Message History

You hit the necrophage but do no damage.
The necrophage is heavily damaged.
The necrophage completely misses you. The necrophage closely misses you.
You hit the necrophage.
The necrophage is heavily damaged.
The necrophage completely misses you.
You hit the necrophage.
The necrophage is heavily damaged.
The necrophage misses you.
You hit the necrophage.
The necrophage is severely damaged.
The necrophage misses you.
You hit the necrophage.
The necrophage is severely damaged.
The necrophage closely misses you. The necrophage barely misses you.
Unknown command.
You hit the necrophage.
The necrophage is severely damaged.
The necrophage hits you.
You die...

## ##
##. .##
.. n. #
.#n #.
#n#
#H##@##
#+.<.+
#H##.##
#. #+#
#


You could see 3 necrophages.

Vanquished Creatures
  A necrophage (D)
1 creature vanquished.

Notes
Turn   | Place    | Note
-------+----------+-------------------------------------------
     0 | D        | Kidiri the Spriggan Enchanter began the quest for the Orb.
     0 | D        | Reached XP level 1. HP: 9/9 MP: 5/5
     1 | D        | Noticed a hippogriff
     1 | D        | Noticed a hippogriff
     5 | D        | Noticed a necrophage
     5 | D        | Noticed a necrophage
     5 | D        | Noticed a necrophage
     5 | D        | Noticed a necrophage
    15 | D        | Killed a necrophage
    15 | D        | Reached skill level 1 in Fighting
    15 | D        | Reached skill level 1 in Armour
    15 | D        | Reached skill level 7 in Stealth
    15 | D        | Reached skill level 5 in Spellcasting
    15 | D        | Reached XP level 2. HP: 15/15 MP: 6/9
    15 | D        | Reached XP level 3. HP: 18/18 MP: 6/10
    15 | D        | Reached XP level 4. HP: 23/23 MP: 7/12
    39 | D        | Slain by a necrophage

Vault maps used:
D:        the_violet_keep_of_menkaure

Skill      XL: |  1 |
---------------+----+-----
Fighting       | 1 |  1.7
Short Blades   | 3 |  3.9
Armour         | 1 |  1.5
Dodging        | 6 |  6.0
Stealth        | 7 |  7.1
Spellcasting   | 5 |  5.0
Hexes          | 4 |  4.7

Action                   |  1- 3 |  4- 6 || total
-------------------------+-------+-------++-------
Melee: Dagger            |     8 |    18 ||    26
 Cast: Corona            |       |     2 ||     2
  Use: Potion            |     1 |     1 ||     2
Dodge: Dodged            |     4 |    19 ||    23
